 Dungeon Crawl Stone Soup version 0.27.1 (webtiles) character file.

Game seed: 1787698871357740183

471 MajorAdolf the Covered (level 7, 0/99 HPs)
             Began as a Naga Wanderer on Aug 26, 2021.
             Slain by Edmund (5 damage)
             ... on level 5 of the Dungeon.
             The game lasted 00:05:50 (3223 turns).

MajorAdolf the Covered (Naga Wanderer)              Turns: 3223, Time: 00:05:51

Health: 0/99       AC: 23    Str: 20 (21) XL:     7   Next: 9%
Magic:  7/7        EV:  1    Int:  8 (10) God:
Gold:   139        SH:  0    Dex: 12 (14) Spells: 6/6 levels left

rFire    . . .     SeeInvis +   k - +0 short sword (speed)
rCold    . . .     Faith    .   (no shield)
rNeg     + + +     Spirit   .   (armour currently unavailable)
rPois    +         Reflect  .   (helmet currently unavailable)
rElec    .         Harm     .   (cloak currently unavailable)
rCorr    .         Rampage  .   (gloves currently unavailable)
Will     .....     NoTele   +   (no barding)
Stlth    ++........             (no amulet)
HPRegen  0.26/turn              p - +6 ring of strength
MPRegen  0.10/turn              (no ring)

@: tree-form
A: stationary, stasis, torment immunity, boosted hp, AC +2, large, see
invisible, (deformed body), (poison resistance), (slowness 2), spit poison 1,
(naga tail 1)
a: Spit Poison


You were on level 5 of the Dungeon.
You were a tree.
You visited 1 branch of the dungeon, and saw 5 of its levels.

You collected 139 gold pieces.

Inventory:

Hand Weapons
 a - a +0 shortbow
 f - a +0 short sword
 k - a +0 short sword of speed (weapon)
Missiles
 c - 14 arrows
Armour
 b - a +2 scale mail (melded)
 d - a +1 barding of stealth (melded)
 j - a +0 helmet (melded)
Jewellery
 p - a +6 ring of strength (left branch)
Potions
 l - a potion of cancellation {unknown}
 o - a potion of berserk rage {unknown}


   Skills:
 + Level 4.8 Fighting
 - Level 1.7 Bows
 + Level 5.8 Armour
 - Level 1.5 Stealth
 - Level 1.0 Shields


You had 6 spell levels left.
You didn't know any spells.
Your spell library was empty.

Dungeon Overview and Level Annotations

Branches:
Dungeon (6/15)
 Temple: D:4-7

Altars:
Ashenzari
Qazlal
The Shining One

Shops:
D:2 ?!**

Annotations:
D:5 1 exclusion, Edmund


Innate Abilities, Weirdness & Mutations

You are a tree.
Your roots penetrate the ground, keeping you stationary.
You cannot be teleported.
You are immune to unholy pain and torment.
Your maximum health is greatly increased.
Your equipment is partially melded.
((Your serpentine skin is tough. (AC +2)))
You have supernaturally acute eyesight. (SInv)
((Armour fits poorly on your strangely shaped body.))
((Your system is resistant to poisons. (rPois)))
((You cover ground very slowly.))
You can spit poison.
((You have a snake-like lower body.))


Message History

Edmund says, "What use are spells, anyway?"
The howler monkey hoots and howls with incredible vigour!
You hit the howler monkey.
The howler monkey is severely wounded.
The howler monkey hoots and howls with incredible vigour!
The howler monkey barely misses you.
You hit the howler monkey.
The howler monkey is almost dead.
The howler monkey hits you but does no damage.
You hit the howler monkey.
You kill the howler monkey!
You hit the scorpion zombie.
The scorpion zombie is lightly damaged.
You have got your breath back.
Press: ? - help, Shift-Dir - straight line, f/p - Edmund
Aim: Edmund, wielding a +1 dire flail of protection and wearing a +3 leather armour of positive energy (moderately wounded)
The splash of poison misses Edmund.
Edmund hits you with a +1 dire flail of protection.
* * * LOW HITPOINT WARNING * * *
Unknown command.
Edmund says, "A flail is better than a scythe, any day of the week!"
Edmund hits you with a +1 dire flail of protection.
* * * LOW HITPOINT WARNING * * *
It was a potion of degeneration.
There was something very wrong with that liquid.
You feel weakened.
You feel dopey.
You feel clumsy. Edmund completely misses you.
As you read the scroll of fog, it crumbles to dust.
The scroll dissolves into smoke.
You have got your breath back.
Edmund hits you with a +1 dire flail of protection!
* * * LOW HITPOINT WARNING * * *
Unknown command.
It was a potion of lignification.
You turn into a tree.
Your +0 helmet melds into your body.
Your +1 barding of stealth melds into your body.
Your +2 scale mail melds into your body.
You feel less stealthy.
Your roots penetrate the ground.
Edmund hits you with a +1 dire flail of protection.
You die...

######## #..Z@♣§#
#.####§# ###†# #§#
#..Z# #.# #.#.####.#
#........#
#.#._.#..#####
#............##########
#........###...>.......


You could see Edmund and a scorpion zombie.

Vanquished Creatures
  An ogre (D:5)
  A phantom (D:5)
  2 scorpions (D:5)
  A howler monkey (D:5)
  A hound (D:5)
  An orc wizard (D:5)
  5 adders
  2 dart slugs (D:2)
  2 orcs (D:5)
  2 ball pythons (D:1)
  6 bats
  2 endoplasms
  2 giant cockroaches
  2 goblins
  6 hobgoblins
  3 jackals (D:2)
  A quokka (D:5)
  4 frilled lizards
  2 kobolds (D:1)
  2 rats
48 creatures vanquished.

Notes
Turn   | Place    | Note
-------+----------+-------------------------------------------
     0 | D:1      | MajorAdolf the Naga Wanderer began the quest for the Orb.
     0 | D:1      | MajorAdolf set off with the following items: a +0 shortbow,
                  | a +2 scale mail, 20 arrows, a potion of curing
     0 | D:1      | Reached XP level 1. HP: 19/19 MP: 1/1
   165 | D:1      | Reached XP level 2. HP: 26/26 MP: 2/2
   497 | D:1      | Found a faded altar of an unknown god.
   895 | D:2      | Reached skill level 4 in Armour
   895 | D:2      | Reached XP level 3. HP: 23/32 MP: 3/3
  1386 | D:2      | Found Tiulad's Magic Scroll Shoppe.
  1448 | D:2      | Reached XP level 4. HP: 38/39 MP: 4/4
  1466 | D:2      | Found Heomum's Assorted Antiques.
  1546 | D:2      | Found Awociny's Distillery.
  1741 | D:2      | Found Leew's Assorted Antiques.
  1984 | D:3      | Found a broken altar of Ashenzari.
  2046 | D:3      | You fall into a shaft and drop 2 floors!
  2046 | D:5      | Entered Level 5 of the Dungeon
  2052 | D:5      | Noticed a scorpion
  2061 | D:5      | Killed a scorpion
  2062 | D:5      | Reached XP level 5. HP: 36/49 MP: 5/5
  2442 | D:5      | Reached skill level 5 in Armour
  2479 | D:5      | Noticed an ogre
  2500 | D:5      | Reached XP level 6. HP: 21/57 MP: 6/6
  2881 | D:5      | Identified a scroll of acquirement
  2883 | D:5      | Acquired a +1 barding of stealth
  2909 | D:5      | Found a stormy altar of Qazlal.
  2999 | D:5      | Reached XP level 7. HP: 51/66 MP: 7/7
  3081 | D:5      | Found a glowing golden altar of the Shining One.
  3099 | D:5      | Noticed Edmund
  3222 | D:5      | HP: 3/66 [Edmund (8)]
  3223 | D:5      | Slain by Edmund

Illustrated notes

Levels and vault maps discovered:
D:1:      saegor_arrival_simple_e, layout_basic,
          ebering_ecumenical_altar_abandoned
D:2:      layout_loops_ring, serial_shops, shop_statue,
          nicolae_shop_overgrown_old_shop, nicolae_lakefront_shop,
          shop_fountains
D:3:      cheibrodos_helix_gallery, layout_loops_ring,
          mainiacjoe_overflow_brackets, minmay_goblin_outpost
D:5:      layout_loops_ring, overflow_temple_1_default,
          mainiacjoe_overflow_tiny_flanked, grunt_ministairs_8,
          nicolae_underground_beach, uniq_edmund
D:6:      layout_rooms, mainiacjoe_overflow_concentric_impassable,
          kennysheep_decorative_pillar, uniq_maggie, uniq_duvessa

Skill      XL: |  1  2  3  4  5  6 |
---------------+-------------------+-----
Armour         | 4 5 |  5.8
Fighting       | 3 4 |  4.8
Bows           | |  1.7
Stealth        | |  1.5
Shields        | |  1.0

Action                   |  1- 3 |  4- 6 |  7- 9 || total
-------------------------+-------+-------+-------++-------
Melee: Short sword       |    86 |   128 |    16 ||   230
 Fire: Shortbow          |    42 |       |       ||    42
 Abil: Spit Poison       |     4 |    16 |     6 ||    26
  Use: Scroll            |       |     5 |     1 ||     6
       Potion            |       |     2 |     2 ||     4
 Stab: Invisible         |       |     1 |       ||     1
       Sleeping          |       |     1 |       ||     1
Armor: Scale mail        |    60 |    51 |    70 ||   181
Dodge: Dodged            |    36 |    42 |    22 ||   100
